 Dungeon Crawl Stone Soup version 0.29.1-2-gbd0b4ee654 (webtiles) character file.

Game seed: 4920436114734281622

143 cdecastro the Firebug (level 5, -8/54 HPs)
             Began as an Ogre Cinder Acolyte on Nov 17, 2022.
             Was a High Priest of Ignis.
             Mangled by a gnoll
             ... wielding a +0 halberd
              (13 damage)
             ... on level 3 of the Dungeon.
             The game lasted 00:04:29 (2700 turns).

cdecastro the Firebug (Ogre Cinder Acolyte)         Turns: 2700, Time: 00:04:30

Health: -8/54      AC: 11    Str: 20    XL:     5   Next: 25%
Magic:  6/6        EV:  9    Int: 15    God:    Ignis [*****.]
Gold:   125        SH:  0    Dex:  4    Spells: 4/6 levels left

rFire   + + .      SeeInvis .   n - +2 flail (protect)
rCold   . . .      Faith    .   (no shield)
rNeg    . . .      Spirit   .   o - +1 robe {rF+}
rPois   .          Reflect  .   (helmet restricted)
rElec   .          Harm     .   (no cloak)
rCorr   .          Rampage  .   (gloves unavailable)
Will    .....                   (boots unavailable)
Stlth   +.........              (no amulet)
HPRegen 0.18/turn               (no ring)
MPRegen 0.10/turn               (no ring)

@: under a protective aura
A: large, unfitting armour, tough skin 1
a: Renounce Religion, Fiery Armour, Foxfire Swarm, Rising Flame


You were on level 3 of the Dungeon.
You worshipped Ignis.
Ignis was extremely pleased with you.
You visited 1 branch of the dungeon, and saw 3 of its levels.

You collected 125 gold pieces.

Inventory:

Hand Weapons
 a - a -1 mace of flaming
 n - a +2 flail of protection (weapon)
Armour
 o - a +1 robe of fire resistance (worn)
Magical Staves
 f - a staff of conjuration
Scrolls
 d - a scroll of fear {unknown}
 e - 3 scrolls of blinking {unknown}
 g - a scroll of identify {unknown}
 h - a scroll of butterflies {unknown}
 k - 2 scrolls of amnesia {unknown}
 l - a scroll of poison {unknown}
 m - a scroll of enchant armour {unknown}
Potions
 c - 2 potions of brilliance {unknown}
 i - a potion of ambrosia {unknown}
 j - a potion of attraction {unknown}


   Skills:
 - Level 4.0 Fighting
 + Level 3.2 Maces & Flails
 - Level 1.2 Spellcasting
 - Level 5.0 Fire Magic


You had 4 spell levels left.
You knew the following spells:

 Your Spells              Type           Power      Damage    Failure   Level
a - Scorch                Fire           30%        2d6       4%          2

Your spell library contained the following spells:

 Spells                   Type           Power      Damage    Failure   Level


Dungeon Overview and Level Annotations

Branches:
Dungeon (3/15)

Altars:

Shops:
D:1 (


Innate Abilities, Weirdness & Mutations

You are too large for most types of armour.
You have tough skin. (AC +1)


Message History

You barely miss the hobgoblin. The hobgoblin barely misses you.
You hit the hobgoblin.
Your weapon exudes an aura of protection.
The hobgoblin is heavily wounded.
The hobgoblin completely misses you.
You sock the hobgoblin!
You kill the hobgoblin!
A quokka comes into view.
You see here a hobgoblin corpse.
The gnoll hits you from afar with a +0 halberd!
The gnoll hits you with a +0 halberd! The quokka bites you.
You hit the gnoll.
Your weapon exudes an aura of protection.
The gnoll is lightly wounded.
The gnoll hits you with a +0 halberd!
* * * LOW HITPOINT WARNING * * *
The quokka barely misses you. The gnoll hits you with a +0 halberd!
* * * LOW HITPOINT WARNING * * *
You hit the gnoll.
The gnoll is heavily wounded.
The quokka closely misses you. The gnoll hits you with a +0 halberd.
* * * LOW HITPOINT WARNING * * *
The quokka misses you.
Unknown command.
You closely miss the gnoll.
The gnoll is heavily wounded.
The gnoll hits you with a +0 halberd!
* * * LOW HITPOINT WARNING * * *
The quokka barely misses you.
Unknown command.
You hit the gnoll.
The gnoll is severely wounded.
The quokka bites you but does no damage.
The gnoll barely misses you.
Unknown command.
You hit the gnoll but do no damage.
The gnoll is severely wounded.
The quokka bites you but does no damage.
The gnoll hits you with a +0 halberd!
You die...

#. #. ###.### ##
#.....# .
###.....## .#
.........###.###.#
###...r...†$......
...>..g@..<.).##.#
#########........#
#####.##.. .# . .
#


You could see a gnoll and a quokka.

Vanquished Creatures
  6 gnolls (D:2)
  2 adders (D:2)
  3 dart slugs
  4 ball pythons
  7 bats
  10 endoplasms
  2 giant cockroaches
  7 goblins
  3 hobgoblins
  4 jackals (D:1)
  2 kobolds (D:1)
  2 quokkas (D:1)
  4 frilled lizards
  5 rats
61 creatures vanquished.

Notes
Turn   | Place    | Note
-------+----------+-------------------------------------------
     0 | D:1      | cdecastro the Ogre Cinder Acolyte began the quest for the
                  | Orb.
     0 | D:1      | Reached XP level 1. HP: 24/24 MP: 2/2
    31 | D:1      | Reached skill level 3 in Fire Magic
   198 | D:1      | Reached XP level 2. HP: 32/32 MP: 3/3
   446 | D:1      | Found a faded altar of an unknown god.
   574 | D:1      | Reached XP level 3. HP: 35/39 MP: 4/4
   630 | D:1      | Learned a level 2 spell: Scorch
   719 | D:1      | Reached skill level 4 in Fire Magic
  1203 | D:1      | Found Ydeag's Weapon Boutique.
  1501 | D:2      | HP: 1/39 [poisoned by a goblin]
  1999 | D:2      | Reached XP level 4. HP: 48/48 MP: 5/5
  2221 | D:2      | Reached skill level 5 in Fire Magic
  2221 | D:2      | Reached XP level 5. HP: 54/54 MP: 6/6
  2700 | D:3      | Mangled by a gnoll

Illustrated notes

Levels and vault maps discovered:
D:1:      eino_arrival_water_star, layout_rooms, serial_shops,
          nicolae_shop_bloodbath_and_beyond, shapermc_ecumenical_altar_gd,
          minmay_vboxes
D:2:      layout_basic, hex_medium, minmay_cupped
D:3:      minmay_spotlight, layout_loops_ring, serial_shops, shop,
          cheibrodos_sewer_entry_bend

Skill      XL: |  1  2  3  4  5 |
---------------+----------------+-----
Fire Magic     | 3 4 5 |  5.0
Maces & Flails | 3 |  3.2
Fighting       | |  4.0
Spellcasting   | |  1.2

Action                   |  1- 3 |  4- 6 || total
-------------------------+-------+-------++-------
Melee: Mace              |   154 |     8 ||   162
       Punch             |     2 |       ||     2
       Flail             |       |    32 ||    32
 Cast: Scorch            |       |     3 ||     3
Invok: Fiery Armour      |     1 |       ||     1
Armor: Robe              |   117 |    16 ||   133
Dodge: Dodged            |   110 |    24 ||   134
